Unix NetHack Version 3.7.0-59 Work-in-progress - last build Jun 21 2022 21:34:18 (82e59222e4b6558e33156aede0636042c14940b8,branch:master). Game began 2022-06-22 11:44:04, ended 2022-06-24 00:14:42. Gandelf, neutral male human Monk ----- - ----...----- |. --.|......|.-- .- -- ---............| ...| --.--.......%......| -....| ---....<............-- -------.....| |..................-- --....G......| |..................| |....@d..- |.............|....| --....e..-- --.....^.....----..| --....----- --..---.....| --- |.....| --- |..|......-- |.....---..| ---|.---..--- |-.........| | --...| |.......------ --- ----...----------...........-- |...............)................| | -----------...----.......-- | --.-- ---.--..| --- --- --- Gandelf the Novice St:14 Dx:13 Co:10 In:13 Wi:14 Ch:10 Neutral S:510 Dlvl:3 $:18 HP:0(32) Pw:29(29) AC:3 Xp:4/98 T:1824 Burdened Latest messages: The little dog eats a gnome corpse. You kill the gnome! You kill the dwarf! Welcome to experience level 4. There are several objects here. K - 6 arrows. L - a pair of iron shoes. M - a dwarvish cloak. You have a little trouble lifting a tripe ration. Continue? [ynq] (q) y You have a little trouble lifting N - a tripe ration. Your movements are slowed slightly because of your load. A little dart shoots out at you! It misses. You have a little trouble lifting O - a dart. You have a little trouble lifting P - 11 darts. You have a little trouble lifting Q - a black gem. The hobbit throws a dagger! It misses. The hobbit hits! The gnome wields a bow! The hobbit misses! You kill the hobbit! The gnome shoots an arrow! You are hit. You kill the gnome! You have a little trouble lifting R - 12 arrows. You have a little trouble lifting S - a bow. You have a little trouble lifting T - a tin. What do you want to eat? [g-jsINT or ?*] T It is not so easy to open this tin. You succeed in opening the tin. It smells like yellow molds. Eat it? [yn] (n) n The gnome hits! The gnome hits! The little dog bites the gnome. The gnome is killed! You see here a red gem. You have a little trouble lifting U - a red gem. You hit it. You are frozen by the floating eye's gaze! The little dog misses the floating eye. The little dog is frozen by the floating eye's gaze! The gnome wields a thonged club! The gnome hits! The gnome hits! The gnome misses! The gnome hits! You die... Do you want your possessions identified? [ynq] (y) q Major events: Turn 1: Gandelf the neutral male human Monk entered the dungeon 282: entered the Gnomish Mines 1071: attained the rank of Novice (level 3) 1824: killed by a gnome, while frozen by a floating eye's gaze Inventory: Coins $ - 18 gold pieces Weapons K - 6 blessed +2 arrows R - 12 +0 arrows S - a +0 bow J - a +0 sling P - 11 +3 darts O - a +0 dart r - a blessed +1 orcish dagger Armor m - a cursed +0 orcish helm (being worn) a - an uncursed +2 pair of leather gloves (being worn) L - an uncursed +0 pair of iron shoes M - a blessed +2 dwarvish cloak b - an uncursed +1 robe (being worn) Comestibles h - 6 uncursed apples s - 2 uncursed cream pies g - 3 uncursed food rations I - an uncursed partly eaten food ration j - 3 uncursed fortune cookies i - 6 uncursed oranges N - an uncursed tripe ration Scrolls A - an uncursed scroll of confuse monster E - an uncursed scroll of enchant armor x - 2 uncursed scrolls of enchant weapon C - 3 uncursed scrolls of identify H - a blessed scroll of light z - an uncursed scroll of light d - an uncursed scroll of magic mapping p - an uncursed scroll of magic mapping B - 2 uncursed scrolls of stinking cloud Spellbooks y - an uncursed novel named I Shall Wear Midnight c - a blessed spellbook of confuse monster q - an uncursed spellbook of invisibility Potions t - a cursed diluted potion of confusion k - an uncursed potion of sickness e - 2 uncursed potions of water f - an uncursed potion of water n - an uncursed potion of water Rings u - an uncursed ring of protection from shape changers (on right hand) Gems/Stones Q - a cursed worthless piece of black glass U - an uncursed worthless piece of red glass v - a cursed worthless piece of red glass w - 9 uncursed rocks Gandelf the Monk's attributes: Background: You were a Novice, a level 4 male human Monk. You were neutral, nominally on a mission for Chih Sung-tzu who was opposed by Shan Lai Ching (lawful) and Huan Ti (chaotic). You were in the Gnomish Mines, on level 3. You entered the dungeon 1824 turns ago. It was the midnight hour. You had 98 experience points, 62 more were needed to attain level 5. Your score was 510 before end-of-game adjustments. Basics: You had 0 out of 32 hit points. You had all 29 energy points (spell power). Your armor class was 3. Your wallet contained 18 zorkmids. Autopickup was off. Final Characteristics: Your strength was 14 (limit:18/100). Your dexterity was 13 (limit:18). Your constitution was 10 (limit:18). Your intelligence was 13 (limit:18). Your wisdom was 14 (limit:18). Your charisma was 10 (limit:18). Final Status: You were not hungry. You were burdened; movement was slightly slowed. You were empty handed. You had basic skill with martial arts. Final Attributes: You were devoutly aligned. You were sleep resistant. You were poison resistant. You saw invisible. You were guarded. You were protected from shape changers. You were fast. You are dead. Miscellaneous: You never encountered a bones level. Total elapsed playing time was 49 minutes and 9 seconds. Vanquished creatures: a dwarf an acid blob a hobbit 2 yellow molds 4 gnomes 3 geckos 2 jackals 2 goblins 5 grid bugs a bat 5 lichens a kobold zombie a newt 29 creatures vanquished. No species were genocided or became extinct. Voluntary challenges: You followed a strict vegan diet. You were an atheist. You never hit with a wielded weapon. You were illiterate. You never engraved Elbereth. You never genocided any monsters. You never polymorphed an object. You never changed form. You used no wishes. Achievements: You entered the Gnomish Mines. You entered a shop. You attained the rank of Novice. The Dungeons of Doom: levels 1 to 2 Level 1: Level 2: A scroll shop. Stairs down to The Gnomish Mines. The Gnomish Mines: Level 3: <- You were here. Final resting place for you, killed by a gnome, while frozen by a floating eye's gaze. Game over: ---------- / \ / REST \ / IN \ / PEACE \ / \ | Gandelf | | 18 Au | | killed by a | | gnome | | | | | | 2022 | *| * * * | * _________)/\\_//(\/(/\)/\//\/|_)_______ Goodbye Gandelf the Monk... You died in The Gnomish Mines on dungeon level 3 with 509 points, and 18 pieces of gold, after 1824 moves. You were level 4 with a maximum of 32 hit points when you died.